 Dungeon Crawl Stone Soup version 0.22.1-2-g9c5b331 (webtiles) character file.

917 lysyklops the Skirmisher (level 8, 0/51 HPs)
             Began as a Gargoyle Fighter on Dec 19, 2018.
             Was a Follower of Qazlal.
             Killed by divine providence
             ... invoked by an orc priest
              (13 damage)
             ... on level 5 of the Dungeon.
             The game lasted 00:06:20 (3519 turns).

lysyklops the Skirmisher (Gargoyle Fighter)         Turns: 3519, Time: 00:06:21

Health: 0/51       AC: 20    Str: 28    XL:     8   Next: 9%
Magic:  18/18      EV:  5    Int:  9    God:    Qazlal [*.....]
Gold:   273        SH: 15    Dex:  9    Spells: 7/7 levels left

rFire    . . .     SeeInvis +   a - +0 flail
rCold    . . .     Gourm    .   c - +0 shield
rNeg     + . .     Faith    .   u - +0 plate armour
rPois    ∞         Spirit   .   (no helmet)
rElec    +         Reflect  +   b - +0 cloak
rCorr    .         Harm     .   (no gloves)
MR       .....                  n - +0 pair of boots
Stlth    ..........             m - +3 amulet of reflection
HPRegen  0.17/turn              v - ring "Ifaireuq" {MP+9 Str+6}
MPRegen  0.16/turn              j - ring of see invisible

@: no status effects
A: negative energy resistance 1, electricity resistance, unbreathing,
petrification resistance, rot immunity, AC +5
a: Renounce Religion


You were on level 5 of the Dungeon.
You worshipped Qazlal.
Qazlal was aware of your devotion.
You were not hungry.

You visited 2 branches of the dungeon, and saw 6 of its levels.

You collected 273 gold pieces.

Inventory:

Hand Weapons
 a - a +0 flail (weapon)
Armour
 b - a +0 cloak (worn)
 c - a +0 shield (worn)
 n - a +0 pair of boots (worn)
 u - a +0 plate armour (worn)
Jewellery
 j - a ring of see invisible (right hand)
 m - a +3 amulet of reflection (around neck)
 s - an uncursed ring of resist corrosion {unknown}
 v - the ring "Ifaireuq" (left hand) {MP+9 Str+6}
   (You found it on level 5 of the Dungeon)

   [ring of magical power]

   It affects your strength (+6).
   It affects your magic capacity (+9).
Scrolls
 e - 7 scrolls of teleportation {unknown}
 g - a scroll of random uselessness {unknown}
 h - 9 scrolls of identify {unknown}
 i - 4 scrolls of fear {unknown}
 l - 4 scrolls of amnesia {unknown}
 o - a scroll of enchant weapon {unknown}
 q - 2 scrolls of remove curse {unknown}
Potions
 d - 2 potions of might
 k - 2 potions of heal wounds {unknown}
 p - a potion of magic {unknown}
 r - 2 potions of curing {unknown}
 t - a potion of degeneration {unknown}
 w - a potion of ambrosia {unknown}
 x - 2 potions of cancellation {unknown}
Comestibles
 f - 7 rations


   Skills:
 + Level 5.8 Fighting
 + Level 4.7 Maces & Flails
 + Level 5.7 Armour
 + Level 5.7 Shields
 + Level 1.9 Invocations


You had 7 spell levels left.
You didn't know any spells.
Your spell library was empty.

Dungeon Overview and Level Annotations

Branches:
Dungeon (5/15)             Temple (1/1) D:4

Altars:
Cheibriados
Dithmenos
Elyvilon
Fedhas
Okawaru
Qazlal
Ru
Sif Muna
Wu Jian
Xom
Yredelemnul
The Shining One
Lugonu


Innate Abilities, Weirdness & Mutations

You are resistant to torment.
Your stone body is resilient. (AC +5)
You are immune to poison.
You resist negative energy. (rN+)
You are resistant to electric shocks. (rElec)
You can survive without breathing.
You are immune to petrification.
You are immune to rotting.


Message History

The orc priest looks encouraged for a moment.
You block the orc's attack.
You hit the orc priest but do no damage.
The orc priest is lightly wounded.
The orc wizard completely misses you.
The orc priest mumbles some strange prayers to Beogh against you.
Beogh smites you! The orc priest barely misses you. You block the orc's attack.
The orc wizard points at you and mumbles some strange words.
The puff of frost reflects off an invisible shield around you!
The puff of frost hits the orc wizard.
You are too injured to fight recklessly!
The orc wizard barely misses you.
The orc wizard begins to cast a cantrip, but forgets the words!
The orc priest calls down the wrath of Beogh upon you.
Beogh smites you!
* * * LOW HITPOINT WARNING * * *
The orc wizard casts a cantrip, but nothing happens.
The orc priest invokes the aid of Beogh against you.
Beogh smites you!
You die...

#..#..##.##### ##.
#..#..##.##... ##..
#............. ...
#.##..##...... #.#
#.#..†######## #.##
#......## # ##..##
##.......## ##
##.?$.####.........####.
##....oo@.'.......[.+....
#.....o####.........####.
##...o## ##.......## ##
##.### ##.....## # #.
##...## # #. ##+## # #.
###.####### #.
......(...### #.
##.##.......


You could see 2 orc priests, an orc wizard and an orc.

Vanquished Creatures
  An ice beast (D:5)
  An ogre (D:5)
  A phantom (D:5)
  A bullfrog (D:5)
  A howler monkey (D:5)
  2 crimson imps (D:5)
  3 hounds (D:4)
  A centaur skeleton (D:5)
  A gnoll shaman (D:5)
  Jessica (D:3)
  An iguana (D:4)
  4 worker ants (D:5)
  A worker ant zombie (D:5)
  2 adders (D:5)
  5 gnolls (D:5)
  An ooze (D:4)
  An adder zombie (D:5)
  An adder skeleton (D:4)
  3 worms
  3 dart slugs
  3 leopard geckos
  6 orcs
  4 ball pythons
  5 giant cockroaches
  9 goblins
  4 hobgoblins
  6 jackals
  7 kobolds
  2 quokkas
  5 bats
  5 frilled lizards
  2 jackal zombies (D:5)
  A leopard gecko zombie (D:5)
  12 rats
106 creatures vanquished.

Notes
Turn   | Place    | Note
-------+----------+-------------------------------------------
     0 | D:1      | lysyklops the Gargoyle Fighter began the quest for the Orb.
     0 | D:1      | Reached XP level 1. HP: 14/14 MP: 1/1
   171 | D:1      | Reached XP level 2. HP: 19/19 MP: 2/2
   533 | D:1      | Reached XP level 3. HP: 18/23 MP: 3/3
   593 | D:2      | Found a shadowy altar of Dithmenos.
   981 | D:3      | Reached XP level 4. HP: 29/29 MP: 4/4
  1001 | D:3      | Found a basalt altar of Yredelemnul.
  1180 | D:3      | Found a sacrificial altar of Ru.
  1205 | D:3      | Found a shimmering altar of Xom.
  1330 | D:3      | Noticed Jessica
  1339 | D:3      | Killed Jessica
  1497 | D:4      | Reached XP level 5. HP: 28/33 MP: 5/5
  1776 | D:4      | Found a staircase to the Ecumenical Temple.
  1820 | Temple   | Entered the Ecumenical Temple
  1846 | Temple   | Became a worshipper of Qazlal Stormbringer
  1953 | D:4      | Found a white marble altar of Elyvilon.
  2107 | D:4      | Reached XP level 6. HP: 26/39 MP: 6/6
  2132 | D:4      | Found an ornate altar of the Wu Jian Council.
  2555 | D:5      | Entered Level 5 of the Dungeon
  2650 | D:5      | Got a scintillating iron ring
  2651 | D:5      | Identified the ring "Ifaireuq" {MP+9 Str+6} (You found it
                  | on level 5 of the Dungeon)
  2659 | D:5      | Noticed an ice beast
  2666 | D:5      | Reached skill level 5 in Fighting
  2666 | D:5      | Reached skill level 5 in Armour
  2666 | D:5      | Reached skill level 5 in Shields
  2676 | D:5      | Killed an ice beast
  2676 | D:5      | Reached XP level 7. HP: 18/44 MP: 7/7
  3168 | D:5      | Reached skill level 1 in Invocations
  3193 | D:5      | Reached * piety under Qazlal
  3494 | D:5      | Reached XP level 8. HP: 51/51 MP: 9/9
  3519 | D:5      | Killed from afar by an orc priest

Skill      XL: |  1  2  3  4  5  6  7 |
---------------+----------------------+-----
Armour         | 4 5 |  5.7
Fighting       | 4 5 |  5.8
Maces & Flails | 3 4 |  4.7
Shields        | 4 5 |  5.7
Invocations    | 1 |  1.9

Action                   |  1- 3 |  4- 6 |  7- 9 || total
-------------------------+-------+-------+-------++-------
Melee: Flail             |   152 |   176 |   162 ||   490
  Eat: Chunk             |       |     4 |     2 ||     6
       Ration            |       |     1 |       ||     1
Armor: Scale mail        |   105 |    68 |       ||   173
       Plate armour      |       |    33 |    83 ||   116
Dodge: Dodged            |    44 |    39 |    32 ||   115
Block: Shield            |    81 |    78 |   132 ||   291
       Reflection        |       |       |     1 ||     1
